 Dungeon Crawl Stone Soup version 0.29-a0-6-ga859fcf985 (webtiles) character file.

Game seed: 478265158422789678

264 Grim the Cudgeller (level 6, -7/47 HPs)
             Began as a Formicid Fighter on Jan 27, 2022.
             Was a Follower of Zin.
             Mangled by an ogre (23 damage)
             ... on level 4 of the Dungeon.
             The game lasted 00:04:20 (3943 turns).

Grim the Cudgeller (Formicid Fighter)               Turns: 3943, Time: 00:04:20

Health: -7/47      AC: 13    Str: 20    XL:     6   Next: 43%
Magic:  6/6        EV:  9    Int: 10    God:    Zin [*.....]
Gold:   135        SH:  4    Dex: 10    Spells: 5/5 levels left

rFire   . . .      SeeInvis +   o - +0 flail (protect)
rCold   . . .      Faith    .   c - +0 buckler
rNeg    . . .      Spirit   .   b - +0 scale mail
rPois   .          Reflect  .   (helmet unavailable)
rElec   .          Harm     .   (no cloak)
rCorr   .          Rampage  .   (no gloves)
Will    .....                   (no boots)
Stlth   ..........              (no amulet)
HPRegen 0.15/turn               (no ring)
MPRegen 0.10/turn               (no ring)

@: under a protective aura
A: permanent stasis, dig shafts and tunnels, antennae 3, four strong arms
a: Dig, Shaft Self, Renounce Religion, Recite, Donate Gold


You were on level 4 of the Dungeon.
You worshipped Zin.
Zin was aware of your devotion.
You visited 2 branches of the dungeon, and saw 5 of its levels.

You collected 150 gold pieces.
You donated 15 gold pieces to Zin.

Inventory:

Hand Weapons
 a - a +0 flail
 o - a +0 flail of protection (weapon)
Missiles
 g - 132 stones (quivered)
Armour
 b - a +0 scale mail (worn)
 c - a +0 buckler (worn)
Wands
 s - a wand of digging (8)
Scrolls
 e - a scroll of fog {unknown}
 f - 4 scrolls of identify {unknown}
 j - a scroll of vulnerability {unknown}
 l - a scroll of magic mapping {unknown}
 n - a scroll of teleportation {unknown}
 r - 3 scrolls of enchant armour {unknown}
Potions
 d - a potion of might
 h - a potion of invisibility {unknown}
 i - 2 potions of curing {unknown}
 k - a potion of lignification {unknown}
 m - 2 potions of degeneration {unknown}
 p - a potion of magic {unknown}
 q - a potion of berserk rage {unknown}


   Skills:
 - Level 3.2 Fighting
 + Level 6.3 Maces & Flails
 - Level 3.2 Armour
 - Level 3.6 Shields


You had 5 spell levels left.
You didn't know any spells.
Your spell library contained the following spells:

 Spells                   Type           Power      Damage    Failure   Level
 Slow                     Hex            0%         N/A       78%         1
 Ensorcelled Hibernation  Hex/Ice        0%         N/A       89%         2
 Confusing Touch          Hex            0%         N/A       98%         3
 Inner Flame              Hex/Fire       0%         N/A       98%         3
 Spider Form              Tmut/Pois      0%         N/A       98%         3
 Vampiric Draining        Necr           0%         2d6       98%         3
 Anguish                  Hex/Necr       0%         N/A       100%        4
 Cause Fear               Hex            0%         N/A       100%        4
 Discord                  Hex            0%         N/A       100%        8


Dungeon Overview and Level Annotations

Branches:
Dungeon (4/15)             Temple (1/1) D:4

Altars:
Ashenzari
Elyvilon
Fedhas
Gozag
Hepliaklqana
Kikubaaqudgha
Nemelex Xobeh
Qazlal
Trog
Uskayaw
Xom
Yredelemnul
Zin
The Shining One

Shops:
D:4 *


Innate Abilities, Weirdness & Mutations

You cannot be hasted, slowed, berserked, paralysed or teleported.
You can dig through walls and to a lower floor.
You have a pair of large antennae on your head. (SInv)
Your four strong arms can wield two-handed weapons with a shield.


Message History

The ogre shouts!
An ogre is nearby!
You sock the ogre!
Your weapon exudes an aura of protection.
The ogre is moderately wounded.
You block the ogre's attack.
You barely miss the ogre.
The ogre is moderately wounded.
The ogre hits you but does no damage.
You hit the ogre but do no damage.
The ogre is moderately wounded.
The ogre hits you with a +0 giant club!
You barely miss the ogre.
The ogre is moderately wounded.
The ogre barely misses you.
You barely miss the ogre.
The ogre is moderately wounded.
The ogre hits you with a +0 giant club!
* * * LOW HITPOINT WARNING * * *
You are too injured to fight recklessly!
You are too injured to fight recklessly!
You sock the ogre!
The ogre is heavily wounded.
You hit the ogre.
The ogre is severely wounded.
You block the ogre's attack.
You sock the ogre!
The ogre is almost dead.
The ogre closely misses you.
You hit the ogre.
The ogre is almost dead.
The ogre hits you with a +0 giant club!
* * * LOW HITPOINT WARNING * * *
You barely miss the ogre.
The ogre is almost dead.
The ogre barely misses you.
You hit the ogre but do no damage.
The ogre is almost dead.
The ogre hits you with a +0 giant club!!
You die...

.....##..#
#.#########..##
.....##..#
#.............#
.....##..#
############.##
.....##..# ## #.#
.....##..# .# #.#
.....##..########.#
#.#
.....##.........#.#
#.#
.....##.#######.#O#
#)#
###.............@.#
#)#
#..##.#########.#
#.# #..#.... .# #.#
##.......# .. #.#
#.#.....# ### #.#
#.......# #.#
##....### #.#
#..... #.# #.#


You could see an ogre.

Vanquished Creatures
  A necrophage (D:4)
  A scorpion (D:4)
  A bullfrog skeleton (D:3)
  2 adders (D:3)
  A dart slug (D:4)
  12 orcs
  3 bats
  4 endoplasms
  2 giant cockroaches
  8 goblins
  4 hobgoblins
  9 kobolds
  7 quokkas
  3 ball pythons
  A frilled lizard (D:2)
  3 rats
62 creatures vanquished.

Notes
Turn   | Place    | Note
-------+----------+-------------------------------------------
     0 | D:1      | Grim the Formicid Fighter began the quest for the Orb.
     0 | D:1      | Reached XP level 1. HP: 18/18 MP: 1/1
   230 | D:1      | Found a faded altar of an unknown god.
   316 | D:1      | Reached XP level 2. HP: 24/24 MP: 2/2
   620 | D:1      | Reached skill level 3 in Maces & Flails
   974 | D:2      | Reached XP level 3. HP: 29/29 MP: 3/3
  1979 | D:3      | Reached skill level 4 in Maces & Flails
  1979 | D:3      | Reached XP level 4. HP: 26/35 MP: 4/4
  2457 | D:3      | Found an opulent altar of Gozag.
  2756 | D:3      | Found a blossoming altar of Fedhas.
  2757 | D:3      | Found a bloodstained altar of Trog.
  3075 | D:3      | Reached XP level 5. HP: 39/41 MP: 5/5
  3359 | D:4      | Found Joleg's Overcharged Wands.
  3413 | D:4      | Reached skill level 5 in Maces & Flails
  3665 | D:4      | Noticed a necrophage
  3681 | D:4      | Killed a necrophage
  3682 | D:4      | Reached skill level 6 in Maces & Flails
  3682 | D:4      | Reached XP level 6. HP: 47/47 MP: 6/6
  3713 | D:4      | Found a staircase to the Ecumenical Temple.
  3758 | Temple   | Entered the Ecumenical Temple
  3842 | Temple   | Became a worshipper of Zin the Law-Giver
  3842 | Temple   | Reached * piety under Zin
  3932 | D:4      | Noticed an ogre
  3943 | D:4      | Mangled by an ogre

Illustrated notes

Levels and vault maps discovered:
D:1:      dpeg_arrival_long_road, layout_loops_ring,
          shapermc_ecumenical_altar_petra
D:2:      minmay_kobold_bridge, layout_loops_corners, kennysheep_generic_room_15
D:3:      layout_loops_corners, mainiacjoe_overflow_boulevard,
          nicolae_overflow_squiral
D:4:      cheibrodos_quashed, layout_basic, minmay_temple_entry_poolview,
          nicolae_shop_overcharged_wands
Temple:   nicolae_temple_elliptical

Skill      XL: |  1  2  3  4  5 |
---------------+----------------+-----
Maces & Flails | 3 4 6 |  6.3
Fighting       | |  3.2
Armour         | |  3.2
Shields        | |  3.6

Action                   |  1- 3 |  4- 6 || total
-------------------------+-------+-------++-------
Melee: Flail             |    92 |   100 ||   192
Throw: Stone             |    10 |    19 ||    29
Armor: Scale mail        |    41 |    31 ||    72
Dodge: Dodged            |    32 |    41 ||    73
Block: Buckler           |    17 |    20 ||    37

Table legend: (Time is in decaauts)
 A = Elapsed time spent in this place.
 B = Non-inter-level travel time spent in this place.
 C = Inter-level travel time spent in this place.
 D = Time resting spent in this place.
 E = Time spent auto-exploring this place.
 F = Levels seen in this place.
 G = Mean time per level.
                   A        B        C        D        E       F      G
               +--------+--------+--------+--------+--------+-----+--------+
         Total |   3987 |   3856 |    131 |    343 |   2987 |   5 |  797.4 |
       Dungeon |   3893 |   3773 |    120 |    343 |   2917 |   4 |  973.2 |
        Temple |     94 |     84 |     10 |      0 |     70 |   1 |   94.0 |
               +--------+--------+--------+--------+--------+-----+--------+

Top non-repeatable levels by time:
     D:3: 1313 daAuts
     D:2: 1003 daAuts
     D:1: 902 daAuts
     D:4: 673 daAuts
  Temple: 94 daAuts
